 Dungeon Crawl Stone Soup version 0.20.0-10-g0535bb4 (webtiles) character file.

583 grindst0ne the Shield-Bearer (level 7, -1/56 HPs)
             Began as a Formicid Fighter on June 6, 2017.
             Killed by divine providence
             ... invoked by an orc priest
              (16 damage)
             ... on level 5 of the Dungeon.
             The game lasted 00:05:10 (4046 turns).

grindst0ne the Shield-Bearer (Formicid Fighter)     Turns: 4046, Time: 00:05:10

Health: -1/56      AC:  9    Str: 17 (20) XL:     7   Next: 64%
Magic:  7/7        EV:  8    Int:  7 (8)  God:
Gold:   187        SH: 13    Dex: 10 (12) Spells: 6/6 levels left

rFire    + + .     SeeInvis +   a - +0 war axe
rCold    x . .     Gourm    .   c - +0 shield
rNeg     . . .     Faith    .   b - +0 scale mail
rPois    .         Spirit   .   (helmet unavailable)
rElec    .         Reflect  +   A - +0 cloak
rCorr    .         Harm     .   v - +0 pair of gloves
MR       .....                  (no boots)
Stlth    ..........             l - +3 amulet of reflection
Regen    0.2/turn               g - ring of fire
MPRegen  0.1/turn               r - ring of protection from fire

@: no status effects
A: permanent stasis, dig shafts and tunnels, four strong arms, antennae 3
a: Dig, Shaft Self


You were on level 5 of the Dungeon.
You were not hungry.

You visited 1 branch of the dungeon, and saw 5 of its levels.

You collected 187 gold pieces.

Inventory:

Hand Weapons
 a - a +0 war axe (weapon)
Armour
 b - a +0 scale mail (worn)
 c - a +0 shield (worn)
 v - a +0 pair of gloves (worn)
 A - a +0 cloak (worn)
Jewellery
 g - a ring of fire (left hand)
 l - a +3 amulet of reflection (around neck)
 r - a ring of protection from fire (right hand)
Wands
 s - a wand of random effects (26/48)
 w - a wand of lightning (7/15)
Scrolls
 e - 7 scrolls of remove curse {unknown}
 h - a scroll of fear {unknown}
 i - 3 scrolls of magic mapping {unknown}
 m - 8 scrolls of identify {unknown}
 p - 4 scrolls of amnesia {unknown}
 q - a scroll of fog {unknown}
 t - 2 scrolls of enchant armour {unknown}
 u - a scroll of recharging {unknown}
 y - a scroll of teleportation {unknown}
Potions
 d - a potion of might
 k - a potion of degeneration
Comestibles
 f - 3 bread rations
 j - a royal jelly
 n - a meat ration


   Skills:
 - Level 5.0 Fighting
 + Level 5.0 Axes
 - Level 3.2 Armour
 - Level 7.0 Shields


You had 6 spell levels left.
You didn't know any spells.

Dungeon Overview and Level Annotations

Branches:
Dungeon (5/15)
 Temple: D:4-7

Altars:
Nemelex Xobeh
Xom
Yredelemnul
Zin

Shops:
D:5 %


Innate Abilities, Weirdness & Mutations

You cannot be hasted, slowed, berserked, paralysed or teleported.
You can dig through walls and to a lower floor.
Your four strong arms can wield two-handed weapons with a shield.
You have a pair of large antennae on your head. (SInv)


Message History

Things that are here:
a flail; an orc skeleton Your scale mail prevents you from hitting the orc priest.
The orc priest mumbles some strange prayers to Beogh against you.
Pain shoots through your body! You block the orc priest's attack.
You closely miss the orc priest.
The orc priest mumbles some strange prayers to Beogh against you.
Beogh smites you!
You slash the orc priest!
The orc priest is heavily wounded.
You block the orc priest's attack.
You hit the orc priest but do no damage.
The orc priest is heavily wounded.
The orc priest invokes the aid of Beogh against you.
Pain shoots through your body!
* * * LOW HITPOINT WARNING * * *
The orc priest looks braver for a moment.
The orc priest mumbles some strange prayers to Beogh against you.
Beogh smites you!
You die...

##### #...#
. #...# ..
#...# ###...
#...##....#
#..8[8.8..#
#..@)o⌠.#=
#.<8.∩.8....
##..⌠.⌠.#[..
##8.8.8# .
#######


You could see an orc priest.

Vanquished Creatures
  Sigmund (D:4)
  Purgy (D:4)
  An ice beast (D:4)
  A centaur skeleton (D:4)
  An orc priest (D:5)
  Crazy Yiuf (D:4)
  An iguana (D:4)
  6 adders
  An ooze (D:2)
  2 adder skeletons (D:4)
  A leopard gecko (D:2)
  7 orcs
  5 bats
  3 giant cockroaches
  7 goblins
  8 hobgoblins
  9 jackals
  6 kobolds
  6 frilled lizards
  5 rats
73 creatures vanquished.

Notes
Turn   | Place    | Note
-------+----------+-------------------------------------------
     0 | D:1      | grindst0ne the Formicid Fighter began the quest for the Orb.
     0 | D:1      | Reached XP level 1. HP: 18/18 MP: 1/1
   359 | D:1      | Found a shimmering altar of Xom.
   374 | D:1      | Reached XP level 2. HP: 25/25 MP: 2/2
   629 | D:1      | Reached XP level 3. HP: 31/31 MP: 3/3
  1011 | D:2      | Reached skill level 5 in Fighting
  1254 | D:2      | Reached XP level 4. HP: 39/39 MP: 4/4
  1376 | D:2      | Reached skill level 4 in Shields
  1715 | D:3      | Found a basalt altar of Yredelemnul.
  2169 | D:3      | Reached skill level 5 in Shields
  2169 | D:3      | Reached XP level 5. HP: 41/44 MP: 5/5
  2224 | D:4      | Found a runed door.
  2417 | D:4      | Noticed Sigmund
  2439 | D:4      | Killed Sigmund
  2439 | D:4      | Reached skill level 7 in Shields
  2439 | D:4      | Reached XP level 6. HP: 40/51 MP: 6/6
  2487 | D:4      | Found a glowing silver altar of Zin.
  2524 | D:4      | Found a sparkling altar of Nemelex Xobeh.
  3097 | D:4      | Noticed Purgy
  3118 | D:4      | Killed Purgy
  3118 | D:4      | Reached XP level 7. HP: 35/56 MP: 7/7
  3469 | D:4      | Noticed Crazy Yiuf
  3473 | D:4      | Killed Crazy Yiuf
  3571 | D:5      | Entered Level 5 of the Dungeon
  3571 | D:5      | Found Tiblu's Food Shop.
  3914 | D:4      | Reached skill level 5 in Axes
  4046 | D:5      | Killed from afar by an orc priest

Skill      XL: |  1  2  3  4  5  6  7 |
---------------+----------------------+-----
Fighting       | 4 5 |  5.0
Shields        | 5 7 |  7.0
Axes           | 3 5 |  5.0
Armour         | |  3.2

Action                   |  1- 3 |  4- 6 |  7- 9 || total
-------------------------+-------+-------+-------++-------
Melee: War axe           |    99 |   170 |    24 ||   293
 Abil: Dig               |       |     1 |       ||     1
  Use: Potion            |       |     1 |     3 ||     4
  Eat: Chunk             |     1 |     6 |     4 ||    11
Armor: Scale mail        |    52 |    82 |    12 ||   146
Dodge: Dodged            |    44 |    75 |    10 ||   129
Block: Shield            |    45 |   170 |    21 ||   236
       Reflection        |       |     6 |       ||     6
